 Dungeon Crawl Stone Soup version 0.32-a0-616-g9348d4545b (webtiles) character file.

Game seed: 4973927359332537852

34580 jasper the Carver (level 13, -1/104 HPs)
             Began as a Demonspawn Shapeshifter on Mar 5, 2024.
             Was an Elder of Nemelex Xobeh.
             Slain by a basilisk (14 damage)
             ... on level 3 of the Lair of Beasts.
             The game lasted 00:28:29 (18994 turns).

jasper the Carver (Demonspawn Shapeshifter)        Turns: 18994, Time: 00:28:30

Health: -1/104     AC: 10    Str: 18    XL:     13   Next: 43%
Magic:  19/19      EV: 14    Int: 13    God:    Nemelex Xobeh [****..]
Gold:   724        SH:  0    Dex: 19    Spells: 12/12 levels left

rFire   + . .        E - +12 demon blade of Taymin {pain, rPois rF+ Int+3}
rCold   . . .        r - +3 kite shield
rNeg    . . .        f - +0 chain mail
rPois   +            (helmet unavailable)
rElec   .            (cloak currently unavailable)
rCorr   .            (gloves currently unavailable)
SInv    +            (boots currently unavailable)
Will    ++...        K - amulet of reflection Stlth
                     C - ring of willpower
HPRegen 0.37/turn    x - ring of willpower
MPRegen 0.16/turn

%: reflection
@: confused, agile, beast-form, ambrosia-drunk
A: beast (slay +1), antennae 3, thin skeletal structure 2, demonic guardian 2,
powered by pain 2
a: Begin Untransformation, Renounce Religion, Draw Escape, Draw Destruction,
Draw Summoning, Triple Draw, Deal Four


You were on level 3 of the Lair of Beasts.
You worshipped Nemelex Xobeh.
Nemelex Xobeh was greatly pleased with you.
You were a hulking beast.
You visited 2 branches of the dungeon, and saw 17 of its levels.

You collected 1084 gold pieces.
You spent 360 gold pieces at shops.

Inventory:

Hand Weapons
 n - a +0 flail
 D - the +3 rapier of the Horn {freeze, rC++ Int-3 Dex+3 Stlth+}
   (You found it on level 7 of the Dungeon)

   Int-3:     It affects your intelligence (-3).
   Dex+3:     It affects your dexterity (+3).
   rC++:      It greatly protects you from cold.
   Stlth+:    It makes you more stealthy.
 E - the +12 demon blade of Taymin (weapon) {pain, rPois rF+ Int+3}
   (You bought it in a shop on level 6 of the Dungeon)

   Int+3:     It affects your intelligence (+3).
   rF+:       It protects you from fire.
   rPois:     It protects you from poison.
Missiles
 g - 137 stones
 i - 32 poisoned darts (quivered)
 s - 3 curare-tipped darts
 F - 3 throwing nets
 L - 5 javelins
Armour
 a - a +0 animal skin
 b - a +0 chain mail
 f - a +0 chain mail (worn)
 h - a +0 ring mail
 j - a scarf of harm
 r - a +3 kite shield (worn)
 u - a +2 robe of willpower
 O - +0 steam dragon scales
 T - a +1 hat of see invisible
Jewellery
 l - an amulet of guardian spirit
 x - a ring of willpower (right hand)
 y - a +6 ring of strength
 z - a +6 ring of strength
 C - a ring of willpower (left hand)
 K - an amulet of reflection (around neck)
 S - a +6 ring of strength
Talismans
 c - a beast talisman (active)
 d - a flux talisman
Wands
 t - a wand of warping (43)
 G - a wand of digging (1)
Scrolls
 q - 2 scrolls of vulnerability
 H - a scroll of enchant weapon
 J - 3 scrolls of fog
 N - a scroll of enchant armour
 R - 2 scrolls of amnesia
Potions
 e - a potion of cancellation
 k - 2 potions of brilliance
 m - 3 potions of resistance
 v - a potion of mutation {unknown}
 w - a potion of might {unknown}
 A - 3 potions of enlightenment {unknown}
 B - a potion of berserk rage {unknown}
 I - 2 potions of ambrosia
 M - a potion of haste {unknown}
 Q - a potion of magic {unknown}
Miscellaneous
 P - a lightning rod (4/4)


   Skills:
 + Level 10.4 Fighting
 - Level 14.0 Long Blades
 + Level 6.4 Armour
 - Level 5.0 Dodging
 + Level 5.7 Shields
 - Level 5.0 Unarmed Combat
 * Level 8.5 Invocations
 - Level 5.0 Evocations
 - Level 2.6 Shapeshifting


You had 12 spell levels left.
You didn't know any spells.
Your spell library contained the following spells:

 Spells                   Type           Power      Damage    Failure   Level
 Freeze                   Ice            0%         1d3       99%         1
 Blink                    Tloc           0%         N/A       100%        2
 Lesser Beckoning         Tloc           0%         N/A       100%        2
 Momentum Strike          Conj/Tloc      0%         3d8       100%        2
 Call Canine Familiar     Summ           0%         N/A       100%        3
 Frozen Ramparts          Ice            0%         1d1       100%        3
 Hailstorm                Conj/Ice       0%         3d5       100%        3
 Sigil of Binding         Hex            0%         N/A       100%        3
 Summon Ice Beast         Ice/Summ       0%         N/A       100%        3
 Dimensional Bullseye     Hex/Tloc       0%         N/A       100%        4
 Iskenderun's Mystic Bla  Conj/Tloc      0%         2d3       100%        4
 Summon Forest            Summ/Tloc      0%         N/A       100%        5
 Dispersal                Tloc           0%         N/A       100%        6
 Sculpt Simulacrum        Ice/Alch       0%         N/A       100%        6


Dungeon Overview and Level Annotations

Branches:
Dungeon (14/15)            Temple (0/1) D:7            Lair (3/5) D:10
  Swamp (0/4) Lair:2        Snake (0/4) Lair:2          Orc (0/2) D:11
 Vaults: D:13-14

Altars:
Hepliaklqana
Kikubaaqudgha
Makhleb
Nemelex Xobeh
Qazlal
Vehumet
Xom
Yredelemnul

Shops:
D:6 (

Annotations:
Lair:3 Kirke


Innate Abilities, Weirdness & Mutations

You are a hulking beast.
Your limbs bulge with bestial killing power. (Slay +1)
You have a pair of large antennae on your head. (SInv)
You have a moderately thin skeletal structure. (Dex +4, Stealth++)
A demonic guardian rushes to your aid.
You sometimes gain power by taking damage.


Message History

The death yak is moderately wounded.
Your -2 hand axe hits the death yak. x2; You block the death yak's attack.
Your orange demon completely misses the death yak.
Your -2 hand axe hits the death yak but does no damage.
Your -2 hand axe hits the death yak.
You slash the death yak!
The death yak is severely wounded.
The death yak gores your -2 hand axe but does no damage.
Your orange demon stings the death yak but does no damage.
The death yak gores you!!
* * * LOW HITPOINT WARNING * * *
Your -2 hand axe hits the death yak!
Your -2 hand axe hits the basilisk but does no damage.
Your -2 hand axe hits the death yak.
You take 22 damage, and have 7/104 hp.
MASSIVE DAMAGE!!
You are confused.
You feel invigorated.
Your -2 hand axe hits the death yak!
Your -2 hand axe hits the basilisk!
Your -2 hand axe hits the death yak.
The death yak misses your -2 hand axe.
The death yak gores you!
* * * LOW HITPOINT WARNING * * *
Your orange demon stings the death yak from afar.
You take 5 damage, and have 2/104 hp.
Okay, then.
Your -2 hand axe hits the death yak. x2
Your -2 hand axe hits the death yak but does no damage. x2
The basilisk gazes at you. You resist with almost no effort.
The death yak closely misses your -2 hand axe.
Your orange demon stings the death yak but does no damage.
You regained 3 hp, and now have 5/104 hp.
Your -2 hand axe hits the death yak!
Your -2 hand axe hits the death yak.
The death yak dies!
The basilisk bites you but does no damage.
Your -2 hand axe hits the death yak.
You regained 5 hp, and now have 10/104 hp.
Okay, then.
Your -2 hand axe hits the death yak but does no damage.
The basilisk bites you!
You die...
Your body disappears without a glow.

#........................
#........................
#........................
#........................
#...........#.####.###.###
#.........#### ### ###
##......4†## #......(Yl#
#P.......h## ..........#
##........# ..........
........# ........#
........# ........P


You could see a death yak (distracted, ally target), a basilisk (ally target), a
friendly orange demon (summoned) and a friendly -2 hand axe (summoned).

Vanquished Creatures
  Gastronok (Lair:2)
  2 boulder beetles
  A two-headed ogre (D:10)
  2 hydras (Lair:2)
  5 death yaks (Lair:2)
  2 skysharks
  A goliath frog (Lair:3)
  Pikel (D:7)
  An ugly thing (D:10)
  A manticore (D:11)
  3 elephants (Lair:2)
  A water nymph (Lair:1)
  A torpor snail (Lair:3)
  3 cane toads
  2 gargoyles
  3 black mambas
  An unseen horror (D:11)
  A komodo dragon (Lair:2)
  3 trolls (D:11)
  A queen bee (D:10)
  A hornet (D:11)
  A polar bear (Lair:3)
  8 blink frogs (Lair:2)
  Sigmund (D:3)
  A shadow (D:10)
  A basilisk (Lair:1)
  A wyvern (D:10)
  19 yaks
  3 hogs (Lair:3)
  5 vampire mosquitoes
  A steam dragon (Lair:3)
  2 swamp worms (Lair:2)
  Menkaure (D:6)
  3 nagas (Lair:2)
  An acid dragon (D:13)
  4 water moccasins
  2 sky beasts
  2 ice beasts
  A swamp drake (Lair:1)
  2 laughing skulls (D:14)
  7 orc warriors
  A black bear (D:5)
  6 wolves
  7 centaurs
  A lemure (D:7)
  A phantom (D:7)
  5 ogres
  4 kobold brigands
  12 bullfrogs
  4 gnoll sergeants
  8 wights
  20 killer bees
  2 howler monkeys
  An electric eel (Lair:2)
  9 hounds
  2 jellies
  4 orc priests
  3 gnoll boudas
  A sleepcap (D:7)
  An iguana (D:4)
  Natasha (twice) (D:3)
  7 orc wizards
  16 gnolls
  7 adders
  A white imp (D:6)
  An ufetubus (D:6)
  3 dart slugs
  A ribbon worm (D:2)
  47 orcs
  8 endoplasms
  4 giant cockroaches
  14 hobgoblins
  6 jackals (D:2)
  6 quokkas
  6 ball pythons
  A bat (D:2)
  5 frilled lizards
  3 goblins
  24 kobolds
  3 rats
360 creatures vanquished.

Vanquished Creatures (collateral kills)
  2 death yaks
  A skyshark (Lair:3)
  A cane toad (Lair:1)
  A torpor snail (Lair:2)
  A komodo dragon (Lair:3)
  A polar bear (Lair:1)
  3 yaks (Lair:1)
  3 steam dragons
  2 water moccasins
  An ice beast (D:6)
  4 wolves (Lair:3)
  A kobold brigand (D:5)
  A bullfrog (Lair:2)
  A scorpion (D:6)
  A wight (D:7)
  4 killer bees (D:10)
  A hound (D:6)
  A sleepcap (D:7)
  An iguana (Lair:2)
  3 orc wizards (D:9)
  A gnoll (D:3)
  An adder (D:6)
  A dart slug (D:2)
  4 orcs
  A bat (D:9)
  A goblin (D:9)
  2 kobolds (D:10)
  A ball python (D:4)
  A rat (D:9)
47 creatures vanquished.

Grand Total: 407 creatures vanquished

Notes
Turn   | Place    | Note
-------+----------+-------------------------------------------
     0 | D:1      | jasper the Demonspawn Shapeshifter began the quest for the
                  | Orb.
     0 | D:1      | Reached XP level 1. HP: 15/15 MP: 1/1
   278 | D:1      | Gained mutation: You sometimes gain a little power by
                  | taking damage. [demonic ancestry]
   278 | D:1      | Reached XP level 2. HP: 21/21 MP: 2/2
   762 | D:2      | Gained mutation: A weak demonic guardian rushes to your
                  | aid. [demonic ancestry]
   762 | D:2      | Reached XP level 3. HP: 26/26 MP: 3/3
  1003 | D:2      | Reached XP level 4. HP: 32/32 MP: 4/4
  1166 | D:2      | Got the Catalogue of Discontinuous Ensorcelling
  1446 | D:3      | Noticed Natasha
  1451 | D:3      | Killed Natasha
  1452 | D:3      | Reached skill level 5 in Unarmed Combat
  1542 | D:3      | Noticed Sigmund
  1562 | D:3      | Killed Sigmund
  1563 | D:3      | Gained mutation: A demonic guardian rushes to your aid.
                  | [demonic ancestry]
  1563 | D:3      | Reached XP level 5. HP: 36/42 MP: 3/5
  1563 | D:3      | Gained mutation: You sometimes gain power by taking damage.
                  | [demonic ancestry]
  1563 | D:3      | Reached XP level 6. HP: 41/48 MP: 3/6
  1980 | D:3      | Noticed Natasha
  1989 | D:3      | Killed Natasha
  2371 | D:4      | Found a sparkling altar of Nemelex Xobeh.
  2407 | D:4      | Reached skill level 5 in Fighting
  2444 | D:4      | Became a worshipper of Nemelex Xobeh the Trickster
  2844 | D:4      | Reached XP level 7. HP: 50/57 MP: 4/7
  3529 | D:5      | Entered Level 5 of the Dungeon
  3623 | D:5      | Reached skill level 1 in Invocations
  3623 | D:5      | Reached skill level 1 in Evocations
  3929 | D:5      | Reached * piety under Nemelex Xobeh
  4270 | D:6      | Found Nucamnut's Antique Weapon Shoppe.
  4309 | D:6      | Gained mutation: You have a pair of small antennae on your
                  | head. [demonic ancestry]
  4309 | D:6      | Reached XP level 8. HP: 36/64 MP: 7/11
  4451 | D:6      | Noticed Menkaure
  4453 | D:6      | Killed Menkaure
  4640 | D:6      | Reached skill level 5 in Evocations
  4732 | D:6      | Received a gift from Nemelex Xobeh
  5126 | D:6      | Reached skill level 5 in Invocations
  5520 | D:7      | Identified the +3 rapier of the Horn {freeze, rC++ Int-3
                  | Dex+3 Stlth+}
  6145 | D:7      | Gained mutation: You have a pair of antennae on your head.
                  | [demonic ancestry]
  6145 | D:7      | Reached XP level 9. HP: 48/71 MP: 11/13
  6158 | D:7      | Reached ** piety under Nemelex Xobeh
  6470 | D:7      | Found a staircase to the Ecumenical Temple.
  6581 | D:6      | Bought a smoking demon blade for 360 gold pieces
  6581 | D:6      | Identified the +12 demon blade of Taymin {pain, rPois rF+
                  | Int+3} (You bought it in a shop on level 6 of the Dungeon)
  6748 | D:7      | Found a shimmering altar of Xom.
  6748 | D:7      | Found a hazy altar of Hepliaklqana.
  6838 | D:7      | Found a radiant altar of Vehumet.
  6841 | D:7      | Found a basalt altar of Yredelemnul.
  6843 | D:7      | Found a stormy altar of Qazlal.
  6861 | D:7      | Found an ancient bone altar of Kikubaaqudgha.
  7076 | D:8      | Noticed Pikel
  7138 | D:7      | Killed Pikel
  7139 | D:7      | Reached skill level 5 in Dodging
  7139 | D:7      | Reached skill level 2 in Long Blades
  7246 | D:8      | Reached skill level 3 in Long Blades
  7325 | D:8      | Reached skill level 4 in Long Blades
  7367 | D:8      | Reached skill level 5 in Long Blades
  7941 | D:8      | Reached skill level 6 in Long Blades
  7941 | D:8      | Gained mutation: You have a somewhat thin skeletal
                  | structure. (Dex +2, Stealth+) [demonic ancestry]
  7941 | D:8      | Reached XP level 10. HP: 64/80 MP: 11/14
  8341 | D:8      | Reached skill level 7 in Long Blades
  8904 | D:8      | Received a gift from Nemelex Xobeh
  9102 | D:9      | Identified the +0 dagger "Viacwad" {flame, rElec rF+}
  9106 | D:9      | Reached *** piety under Nemelex Xobeh
  9485 | D:9      | Reached skill level 1 in Armour
  9721 | D:9      | Reached skill level 8 in Long Blades
 10319 | D:10     | Entered Level 10 of the Dungeon
 10357 | D:10     | Noticed a brown ugly thing
 10368 | D:10     | Killed a brown ugly thing
 10524 | D:10     | Found a staircase to the Lair.
 10873 | D:10     | Found a burning altar of Makhleb.
 10888 | D:10     | Noticed a two-headed ogre
 10892 | D:10     | Killed a two-headed ogre
 10893 | D:10     | Reached XP level 11. HP: 89/89 MP: 15/15
 10922 | D:10     | Reached skill level 9 in Long Blades
 11339 | D:10     | Reached **** piety under Nemelex Xobeh
 11627 | D:10     | Received a gift from Nemelex Xobeh
 12197 | Lair:1   | Entered Level 1 of the Lair of Beasts
 12561 | D:11     | Noticed a boulder beetle
 12574 | D:11     | Killed a boulder beetle
 13142 | D:11     | Reached skill level 10 in Long Blades
 13694 | D:11     | You fall into a shaft and drop 3 floors!
 13728 | D:14     | Noticed a deep elf archer
 13756 | D:14     | Reached skill level 5 in Armour
 13989 | D:14     | Received a gift from Nemelex Xobeh
 13999 | D:13     | Noticed a deep elf pyromancer
 14001 | D:13     | Banished a deep elf pyromancer
 14013 | D:13     | Reached skill level 10 in Fighting
 14136 | D:12     | Noticed a purple ugly thing
 14136 | D:12     | Noticed a boulder beetle
 14139 | D:12     | Noticed a two-headed ogre
 14379 | D:11     | Found a staircase to the Orcish Mines.
 14382 | D:11     | Reached skill level 11 in Long Blades
 14848 | Lair:1   | Noticed a boulder beetle
 14872 | Lair:1   | Gained mutation: You have a pair of large antennae on your
                  | head. (SInv) [demonic ancestry]
 14872 | Lair:1   | Reached XP level 12. HP: 40/97 MP: 16/16
 14935 | Lair:1   | Killed a boulder beetle
 15113 | Lair:1   | Noticed a four-headed hydra
 15124 | Lair:1   | a four-headed hydra changed into a water nymph
 15412 | Lair:1   | Reached skill level 12 in Long Blades
 16589 | Lair:2   | Found a staircase to the Snake Pit.
 16598 | Lair:2   | Reached skill level 13 in Long Blades
 16627 | Lair:2   | Noticed Gastronok
 16646 | Lair:2   | Killed Gastronok
 16774 | Lair:2   | Noticed a death yak
 16774 | Lair:2   | Noticed a death yak
 16789 | Lair:2   | Killed a death yak
 16789 | Lair:2   | Killed a death yak
 16957 | Lair:2   | Noticed a death yak
 16957 | Lair:2   | Noticed a death yak
 16957 | Lair:2   | Noticed a death yak
 16965 | Lair:2   | Killed a death yak
 16965 | Lair:2   | Noticed a death yak
 16966 | Lair:2   | Reached skill level 14 in Long Blades
 16966 | Lair:2   | Reached skill level 1 in Shields
 16968 | Lair:2   | Killed a death yak
 16981 | Lair:2   | Noticed a five-headed hydra
 16982 | Lair:2   | Noticed a five-headed hydra
 16996 | Lair:2   | Killed a death yak
 17010 | Lair:2   | Killed a death yak
 17029 | Lair:2   | Killed a five-headed hydra
 17030 | Lair:2   | Gained mutation: You have a moderately thin skeletal
                  | structure. (Dex +4, Stealth++) [demonic ancestry]
 17030 | Lair:2   | Reached XP level 13. HP: 28/103 MP: 17/17
 17037 | Lair:3   | Received a gift from Nemelex Xobeh
 17045 | Lair:3   | Reached skill level 5 in Shields
 17503 | Lair:3   | Noticed Kirke
 17588 | Lair:3   | Kirke changed into Kirke the broodmother
 17588 | Lair:3   | Noticed Kirke
 17973 | Lair:2   | Found a staircase to the Swamp.
 18991 | Lair:3   | HP: 2/104 [death yak[a torpor snail] (10)]
 18994 | Lair:3   | Slain by a basilisk

Illustrated notes

Levels and vault maps discovered:
D:1:      dpeg_arrival_boxorama, layout_basic, corexii_corridor_pit,
          serial_bayou_lake_a
D:2:      layout_basic
D:3:      layout_basic, uniq_sigmund, uniq_natasha
D:4:      layout_layer_cave, nemelex_spade_bored_becter, hangedman_decor_points,
          cheibrodos_gnoll_hut
D:5:      layout_rooms, st_stairs_5, serial_park_tiny_pond
D:6:      layout_basic, serial_shops, nicolae_shop_tiny_statue_garden,
          minmay_bent, uniq_menkaure
D:7:      layout_loops_corners, nicolae_overflow_hallway_of_the_gods,
          temple_fountains
D:8:      kennysheep_housing_project, layout_layer_cave, uniq_pikel
D:9:      layout_irregular_city
D:10:     layout_grid_maze, mainiacjoe_overflow_tiny_flanked,
          erik_lair_orcish_takeover, minivault_7
D:11:     layout_roguey, kennysheep_orc_monster_closet_entryway
D:12:     layout_basic, nicolae_wu_jian_immortal_techniques
D:13:     layout_basic
D:14:     layout_basic, grunt_vaults_entry_fortified, chequers_arboretum,
          uniq_azrael
Lair:1:   layout_cave_pods, grunt_forest_large_clearing_hut
Lair:2:   layout_loops_ring, palyth_hydra_swamp_entry,
          minmay_snake_entry_guardpost_small, grunt_megastairs_3,
          serial_bayou_shore_a, uniq_gastronok
Lair:3:   layout_big_grid, hellmonk_talismancer, lemuel_fruit_fields, uniq_kirke

Skill      XL: |  1  2  3  4  5  6  7  8  9 10 11 12 13 |
---------------+----------------------------------------+-----
Unarmed Combat | 3 4 5 |  5.0
Fighting       | 3 5 6 7 8 9 10 | 10.4
Invocations    | 4 6 8 |  8.5
Evocations     | 3 5 |  5.0
Dodging        | 3 5 |  5.0
Long Blades    | 6 8 11 14 | 14.0
Armour         | 3 5 6 |  6.4
Shields        | 4 5 |  5.7
Shapeshifting  | |  2.6

Action                     |  1- 3 |  4- 6 |  7- 9 | 10-12 | 13-15 || total
---------------------------+-------+-------+-------+-------+-------++-------
  Melee: Unarmed           |    79 |   154 |   240 |       |     2 ||   475
         Punch             |     2 |     5 |     3 |       |       ||    10
         Demon blade       |       |       |    85 |   451 |   107 ||   643
         Rapier            |       |       |       |       |    10 ||    10
  Throw: Stone             |     2 |       |       |       |       ||     2
         Dart              |    12 |    14 |     3 |     8 |       ||    37
 Invoke: Draw Destruction  |       |       |     4 |    11 |     3 ||    18
         Draw Escape       |       |       |     2 |     2 |       ||     4
         Draw Summoning    |       |       |       |     5 |     3 ||     8
         Triple Draw       |       |       |       |     1 |     2 ||     3
         Deal Four         |       |       |       |     1 |       ||     1
Ability: Begin Untransform |       |       |       |     1 |       ||     1
  Evoke: Wand              |       |     5 |     5 |     7 |     3 ||    20
         Lightning rod     |       |       |       |     6 |       ||     6
    Use: Scroll            |     3 |     3 |     7 |     9 |     1 ||    23
         Potion            |       |       |     4 |     5 |     3 ||    12
   Stab: Invisible         |       |     3 |       |       |       ||     3
         Petrifying        |       |       |       |     2 |       ||     2
         Distracted        |       |       |       |     1 |       ||     1
 Armour: Animal skin       |    11 |       |       |       |       ||    11
         Ring mail         |    21 |    85 |   238 |       |       ||   344
         Skin              |       |       |    36 |       |     9 ||    45
         Chain mail        |       |       |    36 |   441 |    83 ||   560
  Dodge: Dodged            |    41 |    78 |   218 |   222 |    37 ||   596
  Block: Other             |       |       |       |    20 |       ||    20
         Kite shield       |       |       |       |   110 |   137 ||   247
         Reflection        |       |       |       |     5 |       ||     5
   Form: Beast             |       |       |       |     1 |       ||     1

Table legend: (Time is in decaauts)
 A = Elapsed time spent in this place.
 B = Non-inter-level travel time spent in this place.
 C = Inter-level travel time spent in this place.
 D = Time resting spent in this place.
 E = Time spent auto-exploring this place.
 F = Levels seen in this place.
 G = Mean time per level.
                   A        B        C        D        E       F      G
               +--------+--------+--------+--------+--------+-----+--------+
         Total |  18896 |  18186 |    710 |   1415 |  13751 |  17 | 1111.5 |
       Dungeon |  14538 |  13873 |    665 |   1040 |  10556 |  14 | 1038.4 |
          Lair |   4357 |   4312 |     45 |    375 |   3195 |   3 | 1452.3 |
               +--------+--------+--------+--------+--------+-----+--------+

Top non-repeatable levels by time:
     D:7: 2011 daAuts
    D:10: 1969 daAuts
    D:11: 1820 daAuts
  Lair:2: 1768 daAuts
     D:8: 1603 daAuts
  Lair:1: 1583 daAuts
     D:4: 1472 daAuts
     D:6: 1222 daAuts
     D:9: 1218 daAuts
  Lair:3: 1005 daAuts
     D:1: 776 daAuts
     D:5: 722 daAuts
     D:3: 692 daAuts
     D:2: 588 daAuts
    D:14: 298 daAuts
